 Dungeon Crawl Stone Soup version 0.30.1-9-gdf580d7c3d (webtiles) character file.

Game seed: 2818376728426608494

48 Ivernyr the Shield-Bearer (level 4, 37/37 HPs)
             Began as a Formicid Fighter on Oct 6, 2023.
             Got out of the dungeon alive.
             The game lasted 00:02:36 (1048 turns).

Ivernyr the Shield-Bearer (Formicid Fighter)        Turns: 1048, Time: 00:02:37

Health: 37/37      AC:  7    Str: 20    XL:     4   Next: 0%
Magic:  4/4        EV:  9    Int:  8    God:
Gold:   84         SH:  5    Dex: 15    Spells: 3/3 levels left

rFire   . . .        a - +0 long sword
rCold   . . .        c - +0 buckler
rNeg    . . .        b - +0 scale mail
rPois   .            (helmet unavailable)
rElec   .            (no cloak)
rCorr   .            (no gloves)
SInv    +            (no boots)
Will    .....        (no amulet) Stlth
                     (no ring)
HPRegen 0.26/turn    (no ring)
MPRegen 0.09/turn

%: no passive effects
@: no status effects
A: permanent stasis, dig shafts and tunnels, antennae 3, four strong arms
a: Dig, Shaft Self


You escaped.
You visited 1 branch of the dungeon, and saw 2 of its levels.

You collected 84 gold pieces.

Inventory:

Hand Weapons
 a - a +0 long sword (weapon)
Armour
 b - a +0 scale mail (worn)
 c - a +0 buckler (worn)
Scrolls
 e - a scroll of fog {unknown}
 g - a scroll of summoning {unknown}
 j - 2 scrolls of identify {unknown}
Potions
 d - a potion of might
 f - a potion of berserk rage {unknown}
 h - a potion of flight {unknown}
 i - a potion of curing {unknown}
 k - 2 potions of lignification {unknown}
 l - a potion of attraction {unknown}


   Skills:
 + Level 3.7 Fighting
 * Level 2.9 Long Blades
 + Level 3.7 Armour
 + Level 4.4 Shields


You had 3 spell levels left.
You didn't know any spells.
Your spell library was empty.

Dungeon Overview and Level Annotations

Branches:
Dungeon (2/15)

Altars:

Shops:
D:2 !


Innate Abilities, Weirdness & Mutations

You cannot be hasted, slowed, berserked, paralysed or teleported.
You can dig through walls and to a lower floor.
You have a pair of large antennae on your head. (SInv)
Your four strong arms can wield two-handed weapons with a shield.


Message History

You barely miss the adder. The adder bites you but does no damage.
You block the adder's attack.
You miss the adder. You block the adder's attack.
The adder bites you but does no damage.
You barely miss the adder. The adder bites you.
You hit the adder.
The adder is heavily wounded.
The adder barely misses you. The adder bites you.
You are poisoned.
The adder poisons you!
You closely miss the adder.
The adder is heavily wounded.
You feel sick.
The adder bites you but does no damage. x2
You barely miss the adder.
The adder is heavily wounded.
You feel sick. The adder bites you but does no damage.
You hit the adder.
The adder is severely wounded.
You feel sick. The adder barely misses you. x2
You closely miss the adder.
The adder is severely wounded.
You feel sick.
You are no longer poisoned.
The adder bites you. You block the adder's attack.
You slash the adder!
You kill the adder!
You have reached level 4!
You feel clever.
(D) Dungeon
Where to? (Enter - D:2, ? - help)
What level of the Dungeon? (default 1, ? - help)
There is a stone staircase leading up here.
You climb upwards.
There is a stone staircase leading down here.
HP restored.
You see here a ring of see invisible.
There is an open door here.
There is a staircase leading out of the dungeon here.
Are you sure you want to leave the Dungeon?
This will make you lose the game!
You have escaped!

# #.# #.#####..#
#.####. # #.#
#........# #.# #.
###.#
#..#####.########.#
#. ..#.# #..#
#..........# #.
.#############
############ #.
#......##...## #.
#.####....#..######
#.
#.#....####..#....#
##.
.=...#.'..#..'..@.#
#..
#).#+#.#..#..#....#
#.#
#.#..#.####..######
#.# #.#..#.....(.#
#.# ##############
#.# ##.#######.#.#
#.#
#.##......#.#####
#.#
##.##.######.....#
#.# ...##.# #####.#
#.#


There were no monsters in sight!

Vanquished Creatures
  An adder (D:2)
  A dart slug (D:2)
  4 endoplasms
  2 giant cockroaches
  3 goblins (D:1)
  5 hobgoblins
  A quokka (D:1)
  5 ball pythons
  3 bats (D:1)
  3 frilled lizards (D:1)
  4 kobolds (D:1)
  2 rats (D:1)
34 creatures vanquished.

Notes
Turn   | Place    | Note
-------+----------+-------------------------------------------
     0 | D:1      | Ivernyr the Formicid Fighter began the quest for the Orb.
     0 | D:1      | Reached XP level 1. HP: 18/18 MP: 1/1
    86 | D:1      | Reached XP level 2. HP: 24/24 MP: 2/2
   318 | D:1      | Reached XP level 3. HP: 29/29 MP: 3/3
   936 | D:2      | Found Tusmyfav's Distillery.
   974 | D:2      | Reached XP level 4. HP: 25/37 MP: 4/4
  1048 | D:$      | Got out of the dungeon alive.

Illustrated notes

Levels and vault maps discovered:
D:1:      dpeg_arrival_erosion, layout_loops_ring, minmay_pentomino_q2
D:2:      layout_rooms, shapermc_ecumenical_altar_flowoftime, serial_shops,
          shop, shop, roderic_st_hans_cross, minmay_randomly_rotated_circles

Action                     |  1- 3 |  4- 6 || total
---------------------------+-------+-------++-------
  Melee: Long sword        |    94 |       ||    94
 Armour: Scale mail        |    46 |       ||    46
  Dodge: Dodged            |    37 |       ||    37
  Block: Buckler           |    31 |       ||    31
